 Dungeon Crawl Stone Soup version 0.29-a0-977-g7483850d73 (webtiles) character file.

Game seed: 9717185920347784180

102 Asher535 the Conjurer (level 4, -1/33 HPs)
             Began as a Draconian Conjurer on Aug 1, 2022.
             Slain by Robin
             ... wielding a +3 dagger of flaming
              (2 damage)
             ... on level 2 of the Dungeon.
             The game lasted 00:06:05 (2173 turns).

Asher535 the Conjurer (Draconian Conjurer)          Turns: 2173, Time: 00:06:05

Health: -1/33      AC:  5    Str:  9    XL:     4   Next: 49%
Magic:  2/8        EV: 12    Int: 20    God:
Gold:   56         SH:  0    Dex: 10    Spells: 7/8 levels left

rFire   . . .      SeeInvis .   i - +0 dagger
rCold   . . .      Faith    .   (no shield)
rNeg    . . .      Spirit   .   (body armour unavailable)
rPois   .          Reflect  .   (helmet restricted)
rElec   .          Harm     .   (no cloak)
rCorr   .          Rampage  .   (no gloves)
Will    .....                   (no boots)
Stlth   ++........              b - amulet of the acrobat
HPRegen 0.11/turn               (no ring)
MPRegen 0.11/turn               (no ring)

@: no status effects
A: AC +5, unfitting armour, cold-blooded
a: no special abilities


You were on level 2 of the Dungeon.
You visited 1 branch of the dungeon, and saw 2 of its levels.

You collected 56 gold pieces.

Inventory:

Hand Weapons
 i - a +0 dagger (weapon)
Jewellery
 b - an amulet of the acrobat (around neck)
Wands
 j - a wand of charming (10)
Scrolls
 c - 2 scrolls of identify {unknown}
 g - 2 scrolls of teleportation {unknown}
 l - a scroll of amnesia {unknown}
Potions
 a - a potion of magic
 d - a potion of curing {unknown}
 e - 2 potions of brilliance {unknown}
 f - a potion of degeneration {unknown}
 h - a potion of might {unknown}
 k - a potion of haste {unknown}
 m - a potion of lignification {unknown}


   Skills:
 + Level 2.8 Dodging
 - Level 2.0 Stealth
 + Level 2.9 Spellcasting
 + Level 4.7 Conjurations


You had 7 spell levels left.
You knew the following spells:

 Your Spells              Type           Power      Damage    Failure   Level
a - Magic Dart            Conj           84%        1d7       1%          1

Your spell library contained the following spells:

 Spells                   Type           Power      Damage    Failure   Level
 Searing Ray              Conj           42%        2d6       3%          2
 Beastly Appendage        Tmut           4%         N/A       14%         1
 Dazzling Flash           Conj/Hex       24%        N/A       16%         3
 Scorch                   Fire           4%         2d5       22%         2
 Wereblood                Tmut           2%         N/A       22%         2
 Spider Form              Tmut/Pois      2%         N/A       41%         3
 Flame Wave               Conj/Fire      12%        2d6       47%         4
 Fulminant Prism          Conj/Hex       6%         3d7       47%         4
 Iskenderun's Mystic Bla  Conj/Tloc      12%        2d5       47%         4
 Summon Cactus Giant      Summ           1%         N/A       100%        6


Dungeon Overview and Level Annotations

Branches:
Dungeon (2/15)

Altars:
Wu Jian

Annotations:
D:2 Robin


Innate Abilities, Weirdness & Mutations

Your plain brown scales are hard. (AC +5)
You cannot fit into any form of body armour.
You are cold-blooded and may be slowed by cold attacks.


Message History

The goblin is severely wounded.
The goblin closely misses you.
You hit the goblin.
You kill the goblin!
Robin roars a battlecry!
The goblins go into a battle-frenzy!
The goblin hits you with a +0 club.
A goblin comes into view. It is wielding a +0 club.
Robin roars a battlecry!
The goblin goes into a battle-frenzy!
The goblin shouts!
Things that are here:
a +0 dagger; a goblin corpse The goblin attacks as you move away!
The goblin completely misses you. Robin throws the goblin at you!
The goblin completely misses you.
You closely miss the goblin. The goblin hits you but does no damage.
You closely miss the goblin. The goblin hits you with a +0 club.
You miss the goblin.
Robin laughs in a distinctly smug fashion.
Robin hits you with a +3 dagger of flaming.
Robin burns you. The goblin hits you with a +0 club.
You hit the goblin.
The goblin is heavily wounded.
Robin hits you with a +3 dagger of flaming.
Robin burns you. The goblin hits you with a +0 club.
* * * LOW HITPOINT WARNING * * *
Aiming: Magic Dart (safe; 1% risk of failure)
Press: ? - help, Q - select action, (/) - cycle Shift-Dir - straight line, f - goblin
Aim: a goblin, wielding a +0 club (heavily wounded, strong, 100% to hit)
The magic dart hits the goblin.
You kill the goblin!
Robin completely misses you.
You see here a +0 club.
Robin attacks as you move away! Robin completely misses you.
Robin attacks as you move away! Robin misses you.
There is a stone staircase leading down here.
Robin hits you with a +3 dagger of flaming.
* * * LOW HITPOINT WARNING * * *
Robin burns you.
You die...

#.#
#####.....(..##
#.# ##.......#
#.# #......(#
#.# ##g#.####
#.##### #.#.#
## #...†.#
#g#.# ..
#####.# ##.#.#
##
#.####..g.####
#.......@....#
######...###.#
# #####
#.############
#.....[.......
##############


You could see Robin, a hobgoblin (strong) and a goblin (strong).

Vanquished Creatures
  Natasha (D:2)
  3 adders (D:2)
  7 bats
  6 endoplasms
  3 giant cockroaches
  8 goblins
  5 hobgoblins
  A quokka (D:1)
  A ball python (D:2)
  12 frilled lizards
  A kobold (D:2)
  5 rats
53 creatures vanquished.

Vanquished Creatures (others)
  5 plants (D:1)
5 creatures vanquished.

Grand Total: 58 creatures vanquished

Notes
Turn   | Place    | Note
-------+----------+-------------------------------------------
     0 | D:1      | Asher535 the Draconian Conjurer began the quest for the
                  | Orb.
     0 | D:1      | Reached XP level 1. HP: 14/14 MP: 3/3
   409 | D:1      | Reached XP level 2. HP: 20/20 MP: 0/5
   594 | D:1      | Found a faded altar of an unknown god.
  1379 | D:2      | Reached XP level 3. HP: 21/26 MP: 0/6
  1613 | D:2      | Found an ornate altar of the Wu Jian Council.
  1721 | D:2      | Noticed Natasha
  1726 | D:2      | Killed Natasha
  1799 | D:2      | Reached XP level 4. HP: 33/33 MP: 3/8
  2150 | D:2      | Noticed Robin
  2173 | D:2      | HP: 1/33 [Robin/+3 dagger of flaming (5)]
  2173 | D:2      | Slain by Robin

Illustrated notes

Levels and vault maps discovered:
D:1:      lightli_arrival_statuegarden, layout_basic,
          shapermc_ecumenical_altar_venn, minmay_lizard_king
D:2:      layout_loops_ring, basic_altar, uniq_robin, uniq_natasha

Skill      XL: |  1 |
---------------+----+-----
Stealth        | 2 |  2.0
Dodging        | 2 |  2.8
Spellcasting   | |  2.9
Conjurations   | |  4.7

Action                   |  1- 3 |  4- 6 || total
-------------------------+-------+-------++-------
Melee: Dagger            |    24 |     6 ||    30
 Cast: Magic Dart        |    73 |    22 ||    95
Armor: Skin              |    10 |     4 ||    14
Dodge: Dodged            |    34 |    10 ||    44

Table legend: (Time is in decaauts)
 A = Elapsed time spent in this place.
 B = Non-inter-level travel time spent in this place.
 C = Inter-level travel time spent in this place.
 D = Time resting spent in this place.
 E = Time spent auto-exploring this place.
 F = Levels seen in this place.
 G = Mean time per level.
                   A        B        C        D        E       F      G
               +--------+--------+--------+--------+--------+-----+--------+
         Total |   2172 |   2172 |      0 |    520 |   1159 |   2 | 1086.0 |
       Dungeon |   2172 |   2172 |      0 |    520 |   1159 |   2 | 1086.0 |
               +--------+--------+--------+--------+--------+-----+--------+

Top non-repeatable levels by time:
     D:1: 1251 daAuts
     D:2: 921 daAuts
